 Dungeon Crawl Stone Soup version 0.21.1-1-g345015f (webtiles) character file.

67 Supreme the Magician (level 3, -4/19 HPs)
             Began as a Deep Elf Wizard on Apr 25, 2018.
             Killed by divine providence
             ... invoked by an orc priest
              (13 damage)
             ... on level 2 of the Dungeon.
             The game lasted 00:10:13 (1046 turns).

Supreme the Magician (Deep Elf Wizard)              Turns: 1046, Time: 00:10:16

Health: -4/19      AC:  2    Str:  4    XL:     3   Next: 98%
Magic:  2/12       EV: 13    Int: 23    God:
Gold:   38         SH:  0    Dex: 13    Spells: 3/13 levels left

rFire    . . .     SeeInvis .   f - +2 short sword (venom)
rCold    . . .     Gourm    .   (no shield)
rNeg     . . .     Faith    .   a - +0 robe
rPois    .         Spirit   .   b - +0 hat
rElec    .         Reflect  .   (no cloak)
rCorr    .         Harm     .   (no gloves)
MR       .....                  (no boots)
Stlth    ++........             (no amulet)
HPRegen  0.06/turn              (no ring)
MPRegen  0.13/turn              (no ring)

@: no status effects
A: no striking features
a: no special abilities


You were on level 2 of the Dungeon.
You were not hungry.

You visited 1 branch of the dungeon, and saw 2 of its levels.

You collected 38 gold pieces.

Inventory:

Hand Weapons
 f - a +2 short sword of venom (weapon)
 h - a +0 hunting sling
 p - a +0 hand axe
Missiles
 j - 83 stones (quivered)
 k - 34 arrows
 o - 7 curare-tipped needles
Armour
 a - a +0 robe (worn)
 b - a +0 hat (worn)
Scrolls
 e - a scroll of blinking {unknown}
 i - a scroll of enchant armour {unknown}
 l - a scroll of remove curse {unknown}
 m - a scroll of identify {unknown}
 n - a scroll of teleportation {unknown}
 q - a scroll of immolation {unknown}
Books
 c - a book of Minor Magic

   Spells                             Type                      Level
   a - Magic Dart                     Conjuration                  1
   b - Blink                          Translocation                2
   c - Call Imp                       Summoning                    2
   d - Slow                           Hexes                        2
   e - Conjure Flame                  Conjuration/Fire             3
   f - Mephitic Cloud                 Conjuration/Poison/Air       3
Comestibles
 d - 5 rations


   Skills:
 + Level 0.1 Fighting
 + Level 3.2 Dodging
 + Level 2.6 Stealth
 + Level 5.7 Spellcasting
 + Level 1.9 Conjurations
 + Level 1.2 Summonings
 + Level 1.1 Translocations


You had 3 spell levels left.
You knew the following spells:

 Your Spells              Type           Power        Failure   Level  Hunger
a - Magic Dart            Conj           ###.         3%          1    None
b - Blink                 Tloc           N/A          9%          2    None
c - Call Imp              Summ           ##......     8%          2    None
d - Slow                  Hex            #.......     13%         2    None
e - Conjure Flame         Conj/Fire      ##......     17%         3    #......


Dungeon Overview and Level Annotations

Branches:
Dungeon (2/15)

Altars:

Annotations:
D:2 Terence


Message History

The magic dart hits the orc priest.
The orc priest is severely wounded.
The orc priest miscasts a cantrip.
Throwing (i - inventory):
j - 84 stones (quivered)
Press: ? - help, Shift-Dir - straight line, f/p - orc priest
Aim: an orc priest, wielding a dagger (severely wounded)
You throw a stone.
The stone closely misses the orc priest.
The orc priest mumbles some strange prayers to Beogh against you.
Pain shoots through your body!
A hobgoblin comes into view. It is wielding a club.
A goblin comes into view. It is wielding a club.
The helpless hobgoblin fails to defend itself.
You hit the hobgoblin.
The hobgoblin is poisoned.
The hobgoblin is severely wounded.
The hobgoblin hits you with a club.
The orc priest mumbles some strange prayers to Beogh against you.
Beogh smites you!
Ouch! That really hurt!
You die...

# .. ## ### .. .# #..
#.#.#######.###### ######..
#..............g.. ........
#.......@g#############..
#.#o##.#####..##..........
##.#.#.#.###.#..#.########.
..#.#.##.#.###.#.# #.
#.#.####...####..# #.
#.#.............## #.
#...####...###### ##
#...#.##.#.###.###########
#.....#.###.##............


You could see an orc priest, a hobgoblin and a goblin (sleeping).

Vanquished Creatures
  An adder (D:2)
  2 oozes (D:1)
  2 leopard geckos (D:1)
  An orc (D:2)
  2 ball pythons
  2 giant cockroaches (D:1)
  6 goblins
  2 hobgoblins
  A jackal (D:1)
  2 quokkas (D:2)
  5 bats
  3 frilled lizards (D:1)
  8 kobolds
  5 rats
42 creatures vanquished.

Vanquished Creatures (collateral kills)
  A goblin (D:1)
  A jackal (D:1)
2 creatures vanquished.

Grand Total: 44 creatures vanquished

Notes
Turn   | Place    | Note
-------+----------+-------------------------------------------
     0 | D:1      | Supreme the Deep Elf Wizard began the quest for the Orb.
     0 | D:1      | Reached XP level 1. HP: 10/10 MP: 7/7
   131 | D:1      | Reached skill level 5 in Spellcasting
   131 | D:1      | Reached XP level 2. HP: 10/15 MP: 5/10
   135 | D:1      | Learned a level 2 spell: Blink
   138 | D:1      | Learned a level 2 spell: Call Imp
   141 | D:1      | Learned a level 2 spell: Slow
   459 | D:1      | Reached XP level 3. HP: 19/19 MP: 3/11
   571 | D:1      | Learned a level 3 spell: Conjure Flame
   742 | D:2      | Noticed Terence
  1046 | D:2      | Killed from afar by an orc priest

Skill      XL: |  1  2 |
---------------+-------+-----
Spellcasting   | 5 |  5.7
Dodging        | 3 |  3.2
Fighting       | |  0.1
Stealth        | |  2.6
Conjurations   | |  1.9
Summonings     | |  1.2
Translocations | |  1.1

Action                   || total
-------------------------++-------
Melee: Short sword       ||     6
Throw: Stone             ||     3
 Cast: Magic Dart        ||    96
       Call Imp          ||     2
       Conjure Flame     ||     2
 Stab: Sleeping          ||     1
Armor: Robe              ||     8
Dodge: Dodged            ||    48
